 Dungeon Crawl Stone Soup version 0.17-a0-802-g1f09329 (webtiles) character file.

1576577 wotan the Slayer (level 27, 266/266 HPs)
             Began as a Minotaur Berserker on Apr 21, 2015.
             Was the Champion of Trog.
             Escaped with the Orb
             ... and 3 runes on Apr 26, 2015!
             The game lasted 13:31:08 (81950 turns).

wotan the Slayer (Minotaur Berserker)              Turns: 81950, Time: 13:31:08

Health: 266/266    AC: 38    Str: 27    XL:     27
Magic:  10/10      EV: 25    Int:  9    God:    Trog [******]
Gold:   6511       SH: 26    Dex: 19    Spells: 0 memorised, 26 levels left

rFire  + . .     SeeInvis .     A - +9 demon trident (antimagic)
rCold  + . .     Clarity  .     O - +6 plate armour {rF+}
rNeg   + + .     SustAb   .     C - +0 large shield
rPois  .         Gourm    .     F - +1 hat
rElec  +         Spirit   .     R - +2 cloak {MR+}
rCorr  +         Warding  .     v - +0 pair of gloves {Str+3}
rMut   .         Stasis   .     i - +2 pair of boots {run}
MR     +++..                    x - amulet of resist corrosion
Stlth  ..........               M - ring of the Garden {rN+ Str-4 Int+5 Slay+4}
                                b - ring of Curiosity {rElec rC+ rN+ Str+2 Stlth+}

@: quick, extremely resistant to hostile enchantments, extremely unstealthy
A: retaliatory headbutt, horns 2
a: Burn Spellbooks, Berserk, Trog's Hand, Brothers in Arms, Renounce Religion
0: Orb of Zot
}: 3/15 runes: decaying, serpentine, silver


You escaped.
You worshipped Trog.
Trog was exalted by your worship.
You were not hungry.

You visited 10 branches of the dungeon, and saw 58 of its levels.
You visited 1 bazaar.
You also visited: Ice Cave.

You collected 8707 gold pieces.
You spent 2196 gold pieces at shops.

Inventory:

Hand weapons
 y - the +10 demon trident of Inconvenience {venom, rF++}
   (Trog gifted it to you on level 8 of the Lair of Beasts)

   It poisons the flesh of those it strikes.
   It greatly protects you from fire.
 A - a +9 antimagic demon trident (weapon)
Armour
 i - a +2 pair of boots of running (worn)
 v - a +0 pair of gloves of strength (worn)
 C - a +0 large shield (worn)
 F - a +1 hat (worn)
 O - a +6 plate armour of fire resistance (worn)
 R - a +2 cloak of magic resistance (worn)
Jewellery
 b - the ring of Curiosity (left hand) {rElec rC+ rN+ Str+2 Stlth+}
   (You found it on level 3 of the Crypt)

   [ring of positive energy]

   It affects your strength (+2).
   It protects you from cold.
   It insulates you from electricity.
   It protects you from negative energy.
   It makes you more stealthy.
 k - an uncursed ring of flight
 x - an amulet of resist corrosion (around neck)
 D - an uncursed ring of teleport control
 I - the ring of Ru's Condemnation {rPois AC+4 Stlth+}
   (You took it off a deep elf death mage on level 3 of the Elven Halls)

   [ring of protection]

   It affects your AC (+4).
   It protects you from poison.
   It makes you more stealthy.
 L - the ring of Zifienn {rF++ Str+6 Stlth-}
   (You bought it in a shop on level 4 of the Orcish Mines)

   [ring of loudness]

   It affects your strength (+6).
   It greatly protects you from fire.
   It makes you less stealthy.
 M - the ring of the Garden (right hand) {rN+ Str-4 Int+5 Slay+4}
   (You took it off a deep elf demonologist on level 3 of the Elven Halls)

   [ring of positive energy]

   It affects your strength (-4).
   It affects your intelligence (+5).
   It affects your accuracy and damage with ranged weapons and melee attacks
   (+4).
   It protects you from negative energy.
 P - the amulet of the Princeling {Regen+ Str+2 Int-2 SInv}
   (You found it on level 3 of the Crypt)

   [amulet of regeneration]

   It affects your strength (+2).
   It affects your intelligence (-2).
   It enhances your eyesight.
   It increases your rate of regeneration.
 X - an uncursed ring of ice
Magical devices
 c - a wand of lightning (4)
 j - a wand of fire (6)
 l - a wand of fireball (6)
 o - a wand of fireball (5)
 s - a wand of digging (3)
 B - a wand of paralysis (17)
 J - a wand of disintegration (2)
 Q - a wand of cold (2)
Scrolls
 a - 2 scrolls of summoning
 m - 12 scrolls of teleportation
 p - 12 scrolls of remove curse
 q - a scroll of holy word
 r - 9 scrolls of magic mapping
 z - 3 scrolls of fog
 E - a scroll of silence
 G - 10 scrolls of recharging
 H - 23 scrolls of identify
 N - 3 scrolls of blinking
 V - 4 scrolls of fear
Potions
 d - 5 potions of invisibility
 e - 5 potions of agility
 f - 8 potions of restore abilities
 g - 3 potions of haste
 h - 26 potions of curing
 t - 6 potions of cancellation
 u - 3 potions of cure mutation
 S - 2 potions of heal wounds
 U - 3 potions of resistance
 Y - a potion of berserk rage
 Z - 6 potions of might
Miscellaneous
 T - a fan of gales
Comestibles
 n - 4 slices of pizza
 w - a royal jelly
 K - 12 meat rations
 W - 20 bread rations


   Skills:
 + Level 25.2 Fighting
 - Level 20.2 Polearms
 + Level 24.9 Armour
 + Level 23.8 Dodging
 + Level 23.2 Shields
 + Level 14.2 Evocations


You had 26 spell levels left.
You didn't know any spells.

Dungeon Overview and Level Annotations

Branches:
Dungeon (15/15)            Temple (0/1) D:7            Lair (8/8) D:8
  Swamp (5/5) Lair:3        Snake (5/5) Lair:3        Slime (0/6) Lair:8
    Orc (4/4) D:12            Elf (3/3) Orc:4        Vaults (5/5) D:14
  Crypt (3/3) Vaults:3       Tomb (0/3) Crypt:3      Depths (5/5) D:15
    Zot (5/5) Depths:5

Altars:
Cheibriados
Dithmenos
Fedhas
Gozag
Kikubaaqudgha
Makhleb
Ru
Sif Muna
Vehumet
Xom
Yredelemnul
Lugonu

Shops:
Orc:4 [}*=   Snake:2 *   Vaults:1 %   Vaults:3 (   Vaults:5 ?

Portals:
Hell: Depths:1 Depths:2 Depths:3 Depths:4 Depths:5
Abyss: Depths:4 Depths:5
Pandemonium: Depths:3
Ziggurat: Depths:3

Annotations:
Lair:7 exclusion: ice statue


Innate Abilities, Weirdness & Mutations

You reflexively headbutt those who attack you in melee.
You have a pair of horns on your head.


Message History

The ynoxinul gestures.
A mysterious force pulls you upwards. The hatch slams shut behind you.
You sense a powerful magical force warping space.
There is a stone staircase leading up here.
You climb upwards.
You sense a powerful magical force warping space.
There is a stone staircase leading down here.
A giant cockroach comes into view.
There is a stone staircase leading up here.
You climb upwards.
You sense a powerful magical force warping space.
There is a stone staircase leading down here.
An ufetubus comes into view.
You block the ufetubus's attack. x2
You puncture the ufetubus!
You kill the ufetubus!
Trog accepts your kill.
There is an open door here.
There is a staircase leading out of the dungeon here.
You have escaped!

.....###....................##.#.
.....##...#######..#........##+#.
.....##..##.....##....##....#....
........##.......##....#....#....
.....#..#.........#....#....#....
.....##.#.........#....#..###....
#...###.#......###'###..#.# #....
#...###.#.....##..#..##...# #....
#...##..#....##.@.#...##..# #....
........##...#.>.##....#..###....
#####.#)÷##..#..##§....#.........
#.....###'###§§....#.........
#####.#....#...).....#.#.......
###..........#.........#.#.......
....####.....##.......##.#.......
..÷......#....##..[..##......÷...
...#####....#..#######...........


There were no monsters in sight!

Vanquished Creatures
  2 orbs of fire (Zot:5)
  Mara (Vaults:4)
  Mennas (Vaults:5)
  4 ancient liches
  A pandemonium lord (Depths:5)
  Boris (Crypt:1)
  Margery (Crypt:1)
  Norris (Elf:2)
  3 caustic shrikes (Depths:4)
  3 Killer Klowns
  6 golden dragons
  Nikola (Snake:1)
  Xtahua (Vaults:5)
  3 electric golems
  Rupert (Orc:4)
  9 liches
  6 tentacled monstrosities
  2 quicksilver dragons
  Asterion (Snake:2)
  A deep elf blademaster (Elf:3)
  21 Orb Guardians
  4 titans
  A deep elf master archer (Elf:3)
  11 sphinxes
  Agnes (Snake:5)
  An octopode crusher (Depths:2)
  2 thorn hunters (Swamp:5)
  5 tengu reavers
  2 large abominations
  7 shadow dragons
  4 draconian monks
  7 greater nagas (Snake:5)
  Roxanne (D:15)
  2 revenants (Crypt:1)
  2 storm dragons
  2 azure jellies (Depths:2)
  8 deep elf sorcerers
  Wiglaf (Vaults:5)
  5 fire giants
  13 frost giants
  2 draconian knights
  2 iron dragons (Depths:5)
  Aizul (Crypt:1)
  Louise (D:15)
  3 draconian zealots
  A draconian scorcher (Zot:5)
  A balrug (Depths:3)
  4 curse skulls
  3 draconian shifters
  3 ghouls
  A ghost moth (Zot:3)
  15 vault wardens
  5 war gargoyles
  4 spriggan defenders (Depths:4)
  3 draconian annihilators
  16 stone giants
  The ghost of xeno23 the Impaler, a powerful MfIE of Vehumet (Orc:4)
  11 rakshasas
  14 ironheart preservers
  20 very ugly things
  2 spellforged servitors (Depths:4)
  6 green draconians
  Nessos (D:13)
  3 deep elf demonologists
  6 black draconians
  A draconian caller (Zot:1)
  3 yellow draconians
  9 deep elf annihilators (Elf:3)
  6 white draconians
  5 vampire knights
  A lorocyproca (Depths:4)
  3 mottled draconians
  5 red draconians
  5 eidola
  11 purple draconians
  16 ettins
  12 deep elf death magi
  20 fire dragons
  12 jiangshi
  32 vault guards
  11 deep elf high priests
  8 entropy weavers
  An ice dragon (shapeshifter) (Vaults:4)
  5 death cobs
  18 yaktaur captains
  14 ogre magi
  8 great orbs of eyes
  10 spriggan air magi
  18 hydras
  22 naga warriors
  A ghost crab (Swamp:5)
  19 ice dragons
  19 anacondas
  3 catoblepae (Lair:8)
  14 centaur warriors
  15 dancing weapons (Elf:2)
  A ghost crab (shapeshifter) (Vaults:2)
  6 salamander stormcallers
  5 alligators
  2 vampire magi
  3 death knights
  12 tengu warriors
  2 sun demons (Depths:3)
  14 shock serpents
  8 spriggan berserkers
  7 deep troll shamans
  23 death yaks
  A deep troll earth mage (Depths:4)
  A titan zombie (Vaults:4)
  Urug (D:10)
  16 deep elf knights
  2 soul eaters
  A storm dragon zombie (Crypt:1)
  13 naga sharpshooters
  21 hell knights
  A titan skeleton (Crypt:3)
  An iron troll (Depths:2)
  A fire crab (shapeshifter) (Elf:1)
  3 fire crabs
  6 salamander mystics
  7 skeletal warriors
  3 unseen horrors
  A spriggan druid (Swamp:4)
  A deep troll (shapeshifter) (Vaults:2)
  8 flayed ghosts
  8 deep elf summoners
  8 giant orange brains
  4 wizards
  A shambling mangrove (Swamp:3)
  5 lindwurms
  7 swamp dragons
  A giant orange brain (shapeshifter) (Depths:2)
  6 ice statues
  4 necromancers
  11 ironbrand convokers
  15 deep trolls
  A spectral wolf spider (D:15)
  A spectral hydra (Swamp:5)
  Pikel (D:8)
  3 anaconda skeletons (Crypt:3)
  A golden dragon skeleton (Crypt:3)
  A swamp dragon (shapeshifter) (Vaults:5)
  13 naga ritualists
  18 phantasmal warriors
  A lindwurm (shapeshifter) (Vaults:5)
  17 deep elf conjurers
  68 ugly things
  7 griffons
  9 hill giants
  12 orc knights
  A mana viper (shapeshifter) (Vaults:2)
  4 harpies (Vaults:5)
  17 mana vipers
  2 oklob plants (Zot:2)
  6 cyclopes
  A human zombie (Vaults:4)
  An orc sorcerer (Vaults:3)
  15 moths of wrath
  7 wolf spiders
  2 manticores
  A frost giant zombie (Crypt:1)
  A manticore (shapeshifter) (D:15)
  A fire giant zombie (Crypt:3)
  11 salamanders
  4 elephants
  3 hornets
  A human skeleton (Vaults:4)
  A moth of wrath (shapeshifter) (Depths:5)
  2 black mambas (shapeshifter)
  A spectral centaur (D:15)
  A stone giant skeleton (Crypt:1)
  2 worldbinders (Depths:2)
  A centaur zombie (D:15)
  A sixfirhy (Elf:1)
  The ghost of tabstorm the Cleaver, an experienced TeBe of Trog (D:10)
  Maurice (D:13)
  19 vault sentinels
  A frost giant skeleton (Vaults:4)
  A rust devil (Vaults:5)
  3 smoke demons (Crypt:3)
  2 orange demons
  A molten gargoyle (Depths:2)
  9 guardian serpents
  24 naga magi
  26 spiny frogs
  A torpor snail (Lair:8)
  Psyche (D:10)
  56 black mambas
  6 gargoyles
  A black draconian zombie (Zot:1)
  A mottled draconian zombie (Crypt:1)
  A catoblepas zombie (Crypt:2)
  A kobold demonologist (D:15)
  50 yaktaurs
  A demonic crawler (Elf:1)
  13 komodo dragons
  A small abomination (Vaults:5)
  A blue devil (Vaults:5)
  A tormentor (Zot:3)
  16 freezing wraiths
  7 tengu conjurers
  A burning bush (Zot:2)
  A wandering mushroom (Depths:2)
  A mottled draconian skeleton (Crypt:2)
  2 guardian mummies (Crypt:3)
  4 red devils (Crypt:3)
  21 deep elf priests
  3 polar bears
  A wind drake (shapeshifter) (D:14)
  3 fire drakes (Lair:8)
  A guardian serpent zombie (Crypt:1)
  6 trolls
  A jumping spider (shapeshifter) (Depths:4)
  3 jumping spiders
  A hellwing (Elf:1)
  A wolf spider simulacrum (D:14)
  9 bog bodies
  5 wyverns
  Prince Ribbit (D:8)
  43 blink frogs
  33 slime creatures
  13 two-headed ogres
  A two-headed ogre (shapeshifter) (Vaults:4)
  42 ravens
  4 boulder beetles
  4 baby alligators (Swamp:5)
  10 giant leeches
  A boulder beetle (shapeshifter) (Vaults:1)
  3 fire dragon zombies
  2 raiju (Depths:2)
  4 flying skulls
  2 fire elementals (Depths:2)
  A satyr zombie (Crypt:1)
  8 air elementals
  A black mamba zombie (Crypt:1)
  10 spriggans
  10 shadows
  A centaur simulacrum (D:15)
  23 redbacks
  2 ettin skeletons (Crypt:1)
  4 tarantellas
  5 water elementals
  A basilisk (shapeshifter) (Depths:3)
  2 vampires
  A yak (shapeshifter) (Depths:4)
  25 deep elf magi
  2 golden eyes (Depths:2)
  A human (shapeshifter) (Vaults:4)
  7 wraiths
  16 humans
  90 yaks
  A ynoxinul (D:10)
  17 hippogriffs
  Grum (D:10)
  9 basilisks
  A golden eye (shapeshifter) (Depths:4)
  A neqoxec (Depths:3)
  A hog (Depths:2)
  8 wolves
  8 hungry ghosts
  3 swamp worm simulacra (Swamp:5)
  A chaos spawn (Zot:2)
  21 vampire mosquitoes
  36 nagas
  23 swamp worms
  28 deep elf fighters
  A raven zombie (Crypt:1)
  3 insubstantial wisps (Depths:2)
  Edmund (D:4)
  3 mottled dragons
  15 porcupines
  4 wargs
  A putrid demonspawn zombie (Crypt:1)
  46 water moccasins
  15 hydra simulacra
  23 ice beasts
  6 swamp drakes
  2 fire dragon simulacra (Depths:2)
  39 orc warriors
  2 necrophages
  8 sky beasts
  A swamp dragon zombie (Crypt:1)
  An eye of draining (shapeshifter) (D:15)
  2 black bears
  37 centaurs
  14 boggarts
  A centaur (shapeshifter) (Vaults:5)
  45 ogres
  8 wasps
  An eye of draining (D:15)
  2 phantoms
  A black mamba simulacrum (Depths:2)
  A manticore skeleton (Crypt:2)
  An elephant zombie (Crypt:2)
  A boring beetle (Lair:8)
  A snapping turtle skeleton (Crypt:3)
  A boring beetle (shapeshifter) (D:15)
  A brain worm (D:14)
  13 crocodiles
  19 giant frogs
  A spectral water moccasin (Swamp:5)
  2 giant frogs (shapeshifter)
  A glowing shapeshifter simulacrum (Vaults:2)
  A komodo dragon zombie (Crypt:2)
  3 big kobolds (D:15)
  A dryad skeleton (Crypt:2)
  A salamander skeleton (Crypt:1)
  3 scorpions
  2 water moccasin zombies
  A killer bee (shapeshifter) (Depths:2)
  A vampire bat (Depths:2)
  10 wights
  4 electric eels
  13 killer bees
  A wasp zombie (D:6)
  2 elephant simulacra (Depths:2)
  17 crimson imps
  An iron imp (Depths:3)
  2 hounds (D:12)
  2 lava snakes (Depths:2)
  A giant frog zombie (Crypt:2)
  2 giant frog skeletons
  A black bear zombie (Crypt:2)
  29 jellies
  6 orc priests
  18 orc wizards
  8 iguanas
  Jessica (D:3)
  6 centaur skeletons
  4 quasits
  8 worker ants
  A spectral swamp drake (Swamp:5)
  4 hell rats
  6 lightning spires
  36 sheep
  2 ogre skeletons
  A hound zombie (Crypt:2)
  10 mummies (Crypt:3)
  74 river rats
  17 adders
  A gnoll (D:1)
  2 naga simulacra (Depths:2)
  8 shadow imps
  14 white imps
  5 swamp drake simulacra (Swamp:5)
  3 ufetubi
  2 worms
  104 orcs
  21 bats
  A bat skeleton (Crypt:1)
  A bat zombie (D:3)
  4 giant cockroaches
  15 hobgoblins
  7 quokkas
  A ball python (D:1)
  5 giant geckos
  4 giant newts
  A giant spore (D:13)
  22 goblins
  7 jackals
  11 kobolds
  A kobold zombie (Crypt:1)
  A quokka skeleton (Crypt:1)
  A quokka zombie (D:5)
  27 rats
  6 ballistomycetes
  5 crawling corpses
2832 creatures vanquished.

Vanquished Creatures (collateral kills)
  A pandemonium lord (Depths:4)
  2 storm dragons (Zot:4)
  A sun demon (Depths:4)
  4 elephants (Lair:6)
8 creatures vanquished.

Vanquished Creatures (others)
  A quicksilver dragon (Vaults:5)
  An azure jelly (Swamp:5)
  A draconian knight (Zot:3)
  An iron dragon (Vaults:5)
  A deep elf high priest (Elf:3)
  An ice dragon (Depths:2)
  An ogre mage (Depths:1)
  A necromancer (Depths:4)
  A spiny frog (Lair:6)
  A molten gargoyle (Depths:2)
  4 yaktaurs (Vaults:3)
  A fire vortex (Vaults:3)
  3 slime creatures (Swamp:5)
  A deep elf mage (Vaults:3)
  A yak (Lair:6)
  A deep elf fighter (Elf:1)
  A porcupine (Depths:2)
  A wasp (Depths:5)
  An ice beast (Vaults:3)
  4 slaves (D:8)
  A centaur (D:8)
  10 lost souls
  A hound (D:8)
  A centaur skeleton (D:8)
  An orc priest (D:8)
  A jelly (D:12)
  An orc (D:8)
  2 jackals (D:8)
  A kobold (D:8)
  A bat (D:8)
  4 giant spores (D:15)
  A quokka skeleton (D:8)
  A ballistomycete (D:15)
  3 bushes (D:15)
  A crawling corpse (Elf:1)
  30 fungi
  12 plants
100 creatures vanquished.

Grand Total: 2940 creatures vanquished

Notes
Turn   | Place    | Note
--------------------------------------------------------------
     0 | D:1      | wotan, the Minotaur Berserker, began the quest for the Orb.
     0 | D:1      | Reached XP level 1. HP: 19/19 MP: 0/0
   296 | D:1      | Reached skill level 4 in Fighting
   296 | D:1      | Reached XP level 2. HP: 6/27 MP: 1/1
   755 | D:1      | Reached XP level 3. HP: 23/33 MP: 2/2
   811 | D:1      | Acquired Trog's second power
  1078 | D:2      | Found a sacrificial altar of Ru.
  1091 | D:2      | Found an opulent altar of Gozag.
  1622 | D:2      | Reached XP level 4. HP: 34/41 MP: 3/3
  2283 | D:3      | Found a radiant altar of Vehumet.
  2509 | D:3      | Noticed Jessica
  2547 | D:3      | Killed Jessica
  2547 | D:3      | Reached XP level 5. HP: 44/47 MP: 4/4
  2723 | D:3      | Gained mutation: Scrolls take you a little longer to read. [potion of mutation]
  2723 | D:3      | Gained mutation: You occasionally shout uncontrollably at your foes. [potion of mutation]
  2735 | D:3      | HP: 2/47 [poisoned by kobold (curare-tipped needle)]
  3096 | D:3      | Found a shadowy altar of Dithmenos.
  3347 | D:4      | Reached skill level 5 in Polearms
  3457 | D:4      | Noticed Edmund
  3462 | D:4      | Killed Edmund
  3462 | D:4      | Reached skill level 5 in Fighting
  3462 | D:4      | Reached XP level 6. HP: 56/56 MP: 5/5
  3616 | D:4      | Acquired Trog's third power
  3798 | D:4      | Noticed an ogre
  3809 | D:4      | Killed an ogre
  3911 | D:5      | Entered Level 5 of the Dungeon
  4055 | D:5      | Reached skill level 5 in Armour
  4055 | D:5      | Reached XP level 7. HP: 51/62 MP: 6/6
  4083 | D:5      | Reached skill level 6 in Polearms
  4083 | D:5      | Reached skill level 5 in Dodging
  4130 | D:5      | Found a shimmering altar of Xom.
  4216 | D:5      | Noticed a hippogriff
  4223 | D:5      | Killed a hippogriff
  4523 | D:5      | Reached XP level 8. HP: 71/71 MP: 7/7
  5286 | D:6      | Reached skill level 7 in Polearms
  6139 | D:7      | Found a staircase to the Ecumenical Temple.
  6170 | D:7      | Found a blossoming altar of Fedhas.
  6282 | D:7      | Reached XP level 9. HP: 22/81 MP: 4/8
  6287 | D:7      | Reached skill level 8 in Polearms
  6819 | D:8      | Noticed Pikel
  6837 | D:8      | Killed Pikel
  7113 | D:8      | Noticed Prince Ribbit
  7121 | D:8      | Killed Prince Ribbit
  7121 | D:8      | Reached skill level 9 in Polearms
  7126 | D:8      | Found a staircase to the Lair.
  7653 | D:8      | Found a basalt altar of Yredelemnul.
  7946 | D:8      | Received a gift from Trog
  7959 | D:8      | Reached XP level 10. HP: 60/91 MP: 7/9
  8549 | Lair:1   | Entered Level 1 of the Lair of Beasts
  8580 | Lair:1   | Reached skill level 10 in Polearms
  9116 | D:8      | Reached skill level 10 in Fighting
  9326 | Lair:1   | Reached skill level 10 in Armour
 10369 | Lair:1   | Reached XP level 11. HP: 45/101 MP: 4/10
 10898 | Lair:1   | Received a gift from Trog
 11461 | Lair:2   | Reached skill level 11 in Polearms
 11475 | Lair:2   | Reached skill level 10 in Dodging
 13733 | Lair:2   | Noticed a five-headed hydra
 14060 | Lair:3   | Found a staircase to the Snake Pit.
 14240 | Lair:3   | Reached skill level 12 in Polearms
 14259 | Lair:3   | Reached XP level 12. HP: 15/112 MP: 3/11
 14504 | Lair:3   | Received a gift from Trog
 14886 | Lair:3   | Found a staircase to the Swamp.
 15846 | Lair:3   | Noticed a seven-headed hydra
 16086 | Lair:3   | Killed a ten-headed hydra
 16086 | Lair:3   | Reached skill level 1 in Shields
 17074 | Lair:4   | Received a gift from Trog
 17780 | Lair:4   | Received a gift from Trog
 17786 | Lair:4   | Reached skill level 13 in Polearms
 18755 | Lair:5   | Received a gift from Trog
 18830 | Lair:5   | Reached XP level 13. HP: 62/122 MP: 8/12
 19754 | Lair:5   | Reached skill level 5 in Shields
 22913 | Lair:7   | Reached skill level 14 in Polearms
 23512 | Lair:7   | Reached XP level 14. HP: 104/132 MP: 10/13
 24136 | Lair:8   | Entered Level 8 of the Lair of Beasts
 24676 | Lair:8   | Received a gift from Trog
 24683 | Lair:8   | Got a warped demon trident {god gift}
 24684 | Lair:8   | Identified the +10 demon trident of Inconvenience {venom, rF++} (Trog gifted it to you on level 8 of the Lair of Beasts)
 24952 | Lair:8   | Found a staircase to the Slime Pits.
 26076 | Lair:8   | Reached skill level 15 in Polearms
 26178 | Lair:8   | Reached skill level 15 in Fighting
 26301 | Lair:8   | Identified the Compendium of the Oath
 27720 | D:10     | Entered Level 10 of the Dungeon
 27759 | D:10     | Received a gift from Trog
 27774 | D:10     | Noticed Grum
 27778 | D:10     | Killed Grum
 27921 | D:10     | Noticed tabstorm's ghost (experienced TeBe)
 27931 | D:10     | Killed tabstorm's ghost
 27957 | D:10     | Noticed Urug
 27967 | D:10     | Killed Urug
 27986 | D:10     | Reached skill level 15 in Armour
 27986 | D:10     | Reached XP level 15. HP: 141/141 MP: 14/14
 28236 | D:10     | Noticed Psyche
 28251 | D:10     | Killed Psyche
 29236 | D:11     | Found a snail-covered altar of Cheibriados.
 29815 | D:12     | Received a gift from Trog
 29869 | D:12     | Found a frozen archway.
 29909 | IceCv    | Entered an ice cave
 30186 | IceCv    | Reached skill level 10 in Shields
 30213 | IceCv    | Gained mutation: You have an increased reservoir of magic (+10% MP). [potion of beneficial mutation]
 30570 | D:12     | Found a staircase to the Orcish Mines.
 30807 | Orc:1    | Entered Level 1 of the Orcish Mines
 31364 | Orc:3    | Received a gift from Trog
 31465 | Orc:4    | Entered Level 4 of the Orcish Mines
 31665 | Orc:4    | Noticed Rupert
 31666 | Orc:4    | Paralysed by Rupert for 4 turns
 31696 | Orc:4    | Killed Rupert
 31966 | Orc:4    | Noticed xeno23's ghost (powerful MfIE)
 31988 | Orc:4    | Killed xeno23's ghost
 31988 | Orc:4    | Received a gift from Trog
 32214 | Orc:4    | Found a staircase to the Elven Halls.
 32860 | Orc:4    | Found Apeatzia's General Store.
 32860 | Orc:4    | Found Mome's Gadget Shop.
 32863 | Orc:4    | Found Gemnyggadgh's Armour Boutique.
 32865 | Orc:4    | Found Baniugh's Jewellery Emporium.
 32901 | Orc:4    | Upgraded the game from 0.17-a0-744-gaa96792 to 0.17-a0-755-g4391640
 32948 | Orc:4    | Bought the ring "Teymui" {EV+4 Str+3} for 838 gold pieces
 32948 | Orc:4    | Bought the ring of Zifienn {rF++ Str+6 Stlth-} for 758 gold pieces
 32953 | Orc:4    | Bought a +2 plate armour of fire resistance for 600 gold pieces
 33091 | Orc:3    | Received a gift from Trog
 33211 | D:13     | Found a burning altar of Makhleb.
 33511 | D:13     | Noticed Maurice
 33518 | D:13     | Killed Maurice
 33592 | D:13     | Reached skill level 16 in Polearms
 33851 | D:13     | Found a blossoming altar of Fedhas.
 34013 | D:13     | Noticed Nessos
 34029 | D:13     | Killed Nessos
 34219 | D:14     | Found a gate to the Vaults.
 34359 | D:14     | Received a gift from Trog
 35037 | D:15     | Entered Level 15 of the Dungeon
 35087 | D:15     | Reached XP level 16. HP: 151/151 MP: 16/16
 35539 | D:15     | Noticed Roxanne
 35911 | D:15     | Received a gift from Trog
 35911 | D:15     | Reached skill level 15 in Dodging
 36319 | D:15     | Noticed Louise
 36338 | D:15     | Killed Louise
 36599 | D:15     | Found a staircase to the Depths.
 36806 | D:15     | Killed Roxanne
 36810 | D:15     | Received a gift from Trog
 37196 | Swamp:1  | Entered Level 1 of the Swamp
 38284 | Swamp:2  | You fall through a shaft for 2 floors!
 38426 | Swamp:4  | Received a gift from Trog
 38820 | Swamp:4  | Reached skill level 17 in Polearms
 39624 | Swamp:3  | You fall through a shaft!
 39627 | Swamp:5  | Entered Level 5 of the Swamp
 40275 | Swamp:5  | Reached XP level 17. HP: 161/161 MP: 17/17
 40323 | Swamp:5  | Received a gift from Trog
 41001 | Swamp:5  | Got a decaying rune of Zot
 41609 | Snake:1  | Entered Level 1 of the Snake Pit
 42094 | Snake:1  | Noticed Nikola
 42120 | Snake:1  | Killed Nikola
 42444 | Snake:2  | Noticed Asterion
 42480 | Snake:2  | Killed Asterion
 42480 | Snake:2  | Received a gift from Trog
 42619 | Snake:2  | Found Mymub's General Store.
 42727 | Snake:2  | Lost mutation: You have an increased reservoir of magic (+10% MP). [potion of cure mutation]
 42727 | Snake:2  | Lost mutation: Scrolls take you a little longer to read. [potion of cure mutation]
 42727 | Snake:2  | Lost mutation: You occasionally shout uncontrollably at your foes. [potion of cure mutation]
 43480 | Snake:3  | Reached skill level 18 in Polearms
 43945 | Snake:4  | Reached XP level 18. HP: 171/171 MP: 17/17
 44287 | Snake:4  | Received a gift from Trog
 44853 | Snake:5  | Entered Level 5 of the Snake Pit
 45071 | Snake:5  | Noticed Agnes
 45075 | Snake:5  | Killed Agnes
 45120 | Snake:5  | Received a gift from Trog
 46404 | Snake:5  | Reached skill level 15 in Shields
 46547 | Snake:5  | Received a gift from Trog
 46751 | Snake:5  | Reached XP level 19. HP: 136/181 MP: 18/18
 47197 | Snake:5  | Reached skill level 19 in Polearms
 47238 | Snake:5  | Received a gift from Trog
 47258 | Snake:5  | Got a serpentine rune of Zot
 47904 | Vaults:1 | Entered Level 1 of the Vaults
 48493 | Vaults:1 | Upgraded the game from 0.17-a0-755-g4391640 to 0.17-a0-764-gd40c196
 48547 | Vaults:1 | Received a gift from Trog
 48679 | Vaults:1 | Found Novuipoy's Food Emporium.
 48683 | Vaults:1 | Found a deep blue altar of Sif Muna.
 50638 | Vaults:3 | Received a gift from Trog
 50823 | Vaults:3 | Found Pusuum's Weapon Shoppe.
 51053 | Vaults:3 | Reached XP level 20. HP: 170/191 MP: 6/19
 51061 | Vaults:3 | Received a gift from Trog
 51376 | Vaults:3 | Found a staircase to the Crypt.
 51376 | Vaults:3 | Found an ancient bone altar of Kikubaaqudgha.
 51377 | Vaults:3 | Found a basalt altar of Yredelemnul.
 52021 | Vaults:4 | Received a gift from Trog
 52312 | Vaults:4 | Found a flickering gateway to a bazaar.
 52321 | Bazaar   | Entered a bazaar
 52370 | Bazaar   | Found Tegippaz's Weapon Boutique.
 52370 | Bazaar   | Found Xocised's Gadget Shop.
 52385 | Bazaar   | Found Dugune's Book Shop.
 52394 | Bazaar   | Found Yxemog's Antique Weapon Boutique.
 52607 | Vaults:4 | Reached skill level 20 in Polearms
 52884 | Vaults:4 | Received a gift from Trog
 52999 | Vaults:4 | Noticed Mara
 53002 | Vaults:4 | Noticed wotan's illusion
 53694 | Vaults:4 | Noticed wotan's illusion
 53710 | Vaults:4 | Killed Mara
 54840 | Elf:1    | Entered Level 1 of the Elven Halls
 55072 | Elf:1    | Received a gift from Trog
 55072 | Elf:1    | Reached skill level 1 in Evocations
 55091 | Elf:1    | Got a slimy spear {god gift}
 55092 | Elf:1    | Identified the +4 spear "Esaoni" {pierce, rF+ Dex+5} (Trog gifted it to you on level 1 of the Elven Halls)
 55723 | Elf:1    | Reached XP level 21. HP: 148/201 MP: 7/21
 56382 | Elf:2    | Found a huge runed gate.
 56382 | Elf:2    | Found a huge runed gate.
 56382 | Elf:2    | Found a huge runed gate.
 56383 | Elf:2    | Found a huge runed gate.
 56393 | Elf:2    | Found a huge runed gate.
 56776 | Elf:2    | Noticed Norris
 56804 | Elf:2    | Killed Norris
 56804 | Elf:2    | Received a gift from Trog
 57312 | Elf:3    | Entered Level 3 of the Elven Halls
 57437 | Elf:3    | Got a polished cloak
 57443 | Elf:3    | Identified the +2 cloak of a bailey {+Inv Slay-6 SInv Stlth+} (You found it on level 3 of the Elven Halls)
 57806 | Depths:1 | Entered Level 1 of the Depths
 58388 | Depths:1 | Found a gateway to Hell.
 58412 | Depths:1 | Received a gift from Trog
 59338 | Depths:2 | Upgraded the game from 0.17-a0-764-gd40c196 to 0.17-a0-777-g32247ce
 59578 | Depths:2 | Identified the Almanac of Companions
 59909 | Depths:2 | Reached skill level 5 in Evocations
 59935 | Depths:2 | Received a gift from Trog
 60082 | Depths:2 | Reached skill level 21 in Fighting
 60648 | Depths:2 | Reached XP level 22. HP: 210/213 MP: 25/25
 60791 | Depths:2 | Identified Bystraiwn's Almanac of Hurtful Flames (You found it on level 2 of the Depths)
 60987 | Depths:2 | Received a gift from Trog
 61124 | Depths:2 | Identified the Disquisition on Harmful Lightness
 61396 | Depths:3 | Found a gateway to a ziggurat.
 61725 | Depths:3 | Received a gift from Trog
 62090 | Depths:3 | Got a pitted cloak
 62096 | Depths:3 | Identified the +2 cloak of Least Resistance {+Blink rElec Str+4 Int-4} (You found it on level 3 of the Depths)
 62096 | Depths:3 | Lost intelligence.
 62296 | Depths:3 | Found a one-way gate leading to the halls of Pandemonium.
 62698 | Depths:3 | Received a gift from Trog
 63425 | Depths:4 | Found a one-way gate to the infinite horrors of the Abyss.
 63743 | Depths:4 | Got a distressingly furry cloak
 63754 | Depths:4 | Identified the +0 cloak "Ditate" {rPois rF+} (You found it on level 4 of the Depths)
 63933 | Depths:4 | Received a gift from Trog
 63982 | Depths:4 | Reached XP level 23. HP: 193/222 MP: 15/27
 64465 | Depths:4 | Reached skill level 22 in Fighting
 64809 | Depths:4 | Received a gift from Trog
 65622 | Depths:4 | Got a scintillating golden ring
 65623 | Depths:4 | Identified the ring "Piritem" {rElec rF- rC+ MR+ Slay-5} (You found it on level 4 of the Depths)
 65674 | Depths:5 | Entered Level 5 of the Depths
 65902 | Depths:5 | Received a gift from Trog
 66183 | Depths:5 | Found a gate to the Realm of Zot.
 66749 | Depths:5 | Found a corrupted altar of Lugonu.
 67855 | Crypt:1  | Entered Level 1 of the Crypt
 67856 | Crypt:1  | Noticed Margery
 67887 | Crypt:1  | Killed Margery
 68158 | Crypt:1  | Noticed Boris
 68231 | Crypt:1  | Killed Boris
 68231 | Crypt:1  | Reached XP level 24. HP: 147/233 MP: 9/29
 68537 | Crypt:1  | Reached skill level 10 in Evocations
 68582 | Crypt:1  | Noticed Aizul
 68602 | Crypt:1  | Killed Aizul
 68688 | Crypt:1  | Received a gift from Trog
 69775 | Crypt:3  | Entered Level 3 of the Crypt
 70484 | Crypt:3  | Got a heavily runed lapis lazuli ring
 70486 | Crypt:3  | Identified the ring "Ompuq" {rF+ rN+ Dex+3} (You found it on level 3 of the Crypt)
 70490 | Crypt:3  | Got a shimmering iron ring
 70491 | Crypt:3  | Identified the ring of Curiosity {rElec rC+ rN+ Str+2 Stlth+} (You found it on level 3 of the Crypt)
 70495 | Crypt:3  | Got a steaming platinum ring
 70496 | Crypt:3  | Identified the ring "Muef" {rF+ rN+ MR+ Int+2} (You found it on level 3 of the Crypt)
 70746 | Crypt:3  | Found a staircase to the Tomb.
 70838 | Crypt:3  | Noticed an ancient lich
 70861 | Crypt:3  | Killed an ancient lich
 70919 | Crypt:3  | Got a brightly glowing pewter amulet
 70920 | Crypt:3  | Identified the amulet of the Princeling {Regen+ Str+2 Int-2 SInv} (You found it on level 3 of the Crypt)
 71466 | Crypt:3  | Reached skill level 23 in Fighting
 71818 | Crypt:3  | Identified a +2 pair of boots of running (You found it on level 3 of the Crypt)
 72168 | Vaults:5 | Entered Level 5 of the Vaults
 72311 | Vaults:4 | Received a gift from Trog
 72654 | Vaults:5 | Noticed Xtahua
 72676 | Vaults:5 | Killed Xtahua
 72732 | Vaults:5 | Reached XP level 25. HP: 171/243 MP: 10/30
 73006 | Vaults:5 | Got a silver rune of Zot
 73117 | Vaults:5 | Received a gift from Trog
 73152 | Vaults:5 | Got a scorched glaive {god gift}
 73158 | Vaults:5 | Identified the +3 glaive of Slow Death {elec, Str+4} (Trog gifted it to you on level 5 of the Vaults)
 73179 | Vaults:5 | Noticed Wiglaf
 73186 | Vaults:5 | Killed Wiglaf
 73631 | Vaults:5 | Noticed Mennas
 73647 | Vaults:5 | Killed Mennas
 73711 | Vaults:5 | Upgraded the game from 0.17-a0-777-g32247ce to 0.17-a0-802-g1f09329
 73829 | Vaults:5 | Found Reruahil's Magic Scroll Shoppe.
 74552 | Zot:1    | Entered Level 1 of the Realm of Zot
 74702 | Zot:1    | Received a gift from Trog
 74918 | Zot:1    | Got a crystal trident {god gift}
 74919 | Zot:1    | Identified the +4 trident of the Present {pierce, MR- Str+2 Int+4} (Trog gifted it to you on level 1 of the Realm of Zot)
 76509 | Zot:2    | Reached skill level 24 in Fighting
 77046 | Zot:3    | Reached XP level 26. HP: 248/254 MP: 0/31
 77745 | Depths:2 | Received a gift from Trog
 78911 | Elf:3    | Got a scorched chain mail
 78911 | Elf:3    | Got a brightly glowing iron ring
 78944 | Elf:3    | Received a gift from Trog
 78963 | Elf:3    | Identified the +5 chain mail of the Butterfly {rN++ MR- Str+4} (You took it off a deep elf high priest on level 3 of the Elven Halls)
 78964 | Elf:3    | Identified the ring "Yfeypei" {Wiz rN+ MR- Dex+2} (You took it off a deep elf death mage on level 3 of the Elven Halls)
 79024 | Elf:3    | Got a glittering golden ring
 79025 | Elf:3    | Identified the ring of the Garden {rN+ Str-4 Int+5 Slay+4} (You took it off a deep elf demonologist on level 3 of the Elven Halls)
 79131 | Elf:3    | Got a sparkling bone ring
 79132 | Elf:3    | Identified the ring of Ru's Condemnation {rPois AC+4 Stlth+} (You took it off a deep elf death mage on level 3 of the Elven Halls)
 80051 | Zot:5    | Entered Level 5 of the Realm of Zot
 80563 | Zot:5    | Noticed an orb of fire
 80581 | Zot:5    | Killed an orb of fire
 80603 | Zot:5    | Noticed an ancient lich
 80604 | Zot:5    | Noticed an orb of fire
 80626 | Zot:5    | Killed an orb of fire
 80634 | Zot:5    | Killed an ancient lich
 80838 | Zot:5    | Reached XP level 27. HP: 240/264 MP: 10/32
 80858 | Zot:5    | Reached skill level 25 in Fighting
 80864 | Zot:5    | Received a gift from Trog
 81255 | Zot:5    | Got the Orb of Zot
 81324 | Zot:5    | Noticed an ancient lich
 81339 | Zot:4    | Killed an ancient lich
 81407 | Zot:1    | Noticed Pesuit the pandemonium lord
 81407 | Zot:1    | Noticed an ancient lich
 81437 | Depths:5 | Killed Pesuit the pandemonium lord
 81441 | Depths:5 | Killed an ancient lich
 81509 | Depths:4 | Noticed Lotzac the pandemonium lord
 81516 | Depths:4 | Killed Lotzac the pandemonium lord
 81664 | D:13     | Noticed Micwyful the pandemonium lord
 81950 | D:$      | Escaped with the Orb!

Action                   |  1- 3 |  4- 6 |  7- 9 | 10-12 | 13-15 | 16-18 | 19-21 | 22-24 | 25-27 || total
-------------------------+-------+-------+-------+-------+-------+-------+-------+-------+-------++-------
Melee: Spear             |   109 |   157 |   380 |   682 |   956 |       |       |       |       ||  2284
       Glaive            |       |       |       |   283 |       |       |       |       |    61 ||   344
       Demon trident     |       |       |       |       |  1098 |  1752 |  2325 |  2669 |  1315 ||  9159
       Trident           |       |       |       |       |       |     3 |       |       |       ||     3
       Unarmed           |       |       |       |       |       |       |    11 |   176 |       ||   187
       Halberd           |       |       |       |       |       |       |       |   111 |       ||   111
Throw: Javelin           |       |       |       |       |     1 |       |     4 |       |       ||     5
Invok: Berserk           |       |     1 |     1 |     6 |     3 |     3 |     2 |       |     1 ||    17
       Burn Spellbooks   |       |       |     1 |     2 |     2 |     2 |     5 |    14 |     5 ||    31
       Trog's Hand       |       |       |       |       |       |       |     1 |       |     6 ||     7
       Brothers in Arms  |       |       |       |       |       |       |       |       |     3 ||     3
 Abil: Evoke Invisibilit |       |       |       |       |       |       |     1 |       |       ||     1
       Stop Flying       |       |       |       |       |       |       |       |       |     2 ||     2
       Evoke Flight      |       |       |       |       |       |       |       |       |     2 ||     2
Evoke: Phantom mirror    |       |       |       |       |     1 |       |       |       |       ||     1
       Wand              |       |       |       |       |       |       |    24 |    19 |    13 ||    56
  Use: Scroll            |     4 |     9 |     6 |     6 |    14 |    15 |    15 |    12 |    21 ||   102
       Potion            |       |     1 |     3 |     2 |     4 |     1 |       |     2 |    11 ||    24
 Stab: Sleeping          |     1 |       |       |       |       |       |       |       |       ||     1
       Distracted        |       |       |       |       |     2 |       |     1 |       |     1 ||     4
       Petrified         |       |       |       |       |     2 |       |       |       |       ||     2
       Paralysed         |       |       |       |       |       |       |     1 |       |       ||     1
       Invisible         |       |       |       |       |       |       |     1 |       |       ||     1
  Eat: Chunk             |     2 |     9 |     2 |    16 |    39 |    25 |    35 |    21 |    18 ||   167
       Bread ration      |       |       |     3 |     4 |       |       |     1 |     2 |     1 ||    11
       Fruit             |       |       |       |     2 |     6 |     8 |     9 |       |     1 ||    26
       Royal jelly       |       |       |       |     1 |     1 |     1 |       |       |       ||     3
       Pizza             |       |       |       |     1 |       |       |       |     1 |     1 ||     3
       Meat ration       |       |       |       |     1 |     1 |     3 |     2 |     2 |     2 ||    11
       Beef jerky        |       |       |       |       |     1 |     1 |     1 |    10 |     3 ||    16
